 Dungeon Crawl Stone Soup version 0.17.1-3-g152610e (webtiles) character file.

296 GFox the Insei (level 6, 0/52 HPs)
             Began as a Minotaur Monk on Feb 23, 2016.
             Succumbed to a worker ant's poison
             ... on level 4 of the Dungeon.
             The game lasted 00:44:43 (5043 turns).

GFox the Insei (Minotaur Monk)                      Turns: 5043, Time: 00:44:43

Health: 0/52       AC:  9    Str: 15    XL:     6   Next: 12%
Magic:  4/5        EV: 12    Int:  7    God:
Gold:   144        SH:  0    Dex: 15    Spells: 4 memorised, 1 level left

rFire  . . .     SeeInvis .     a - +0 spear
rCold  . . .     Clarity  .     g - +0 scale mail
rNeg   . . .     SustAt   .     (no shield)
rPois  .         Gourm    .     (helmet restricted)
rElec  .         Spirit   .     h - +0 cloak
rCorr  .         Warding  .     c - +0 pair of gloves
rMut   .         Stasis   .     (no boots)
MR     .....                    b - amulet of faith
Stlth  +.........               (no ring)
                                (no ring)

@: lethally poisoned (0 -> -12), very slightly contaminated, not resistant to
hostile enchantments, very unstealthy
A: retaliatory headbutt, horns 2
a: no special abilities


You were on level 4 of the Dungeon.
You were not hungry.

You visited 1 branch of the dungeon, and saw 4 of its levels.

You collected 144 gold pieces.

Inventory:

Hand Weapons
 a - a +0 spear (weapon)
 d - a +1 dagger of protection
Missiles
 i - 20 bolts of flame (quivered)
 k - 4 bolts
Armour
 c - a +0 pair of gloves (worn)
 g - a +0 scale mail (worn)
 h - a +0 cloak (worn)
Jewellery
 b - an amulet of faith (around neck)
Scrolls
 e - 2 scrolls of remove curse
 f - a scroll of identify
 j - 3 scrolls of immolation {unknown}
Books
 m - a book of Cantrips

   Spells                             Type                      Level
   a - Corona                         Hexes                        1
   b - Animate Skeleton               Necromancy                   1
   c - Summon Small Mammal            Summoning                    1
   d - Apportation                    Translocation                1
Comestibles
 l - a chunk of flesh


   Skills:
 + Level 4.1 Fighting
 + Level 0.7 Short Blades
 + Level 2.5 Polearms
 + Level 3.5 Armour
 + Level 5.0 Dodging
 + Level 2.0 Stealth
 + Level 5.0 Unarmed Combat


You had one spell level left.
You knew the following spells:

 Your Spells              Type           Power        Failure   Level  Hunger
a - Summon Small Mammal   Summ           #...         98%         1    ##.....
b - Corona                Hex            #......      98%         1    ##.....
c - Apportation           Tloc           #.........   98%         1    ##.....
d - Animate Skeleton      Necr           N/A          98%         1    ##.....


Dungeon Overview and Level Annotations

Branches:
Dungeon (4/15)
 Temple: D:4-7

Altars:
Fedhas


Innate Abilities, Weirdness & Mutations

You reflexively headbutt those who attack you in melee.
You have a pair of horns on your head.


Message History

You feel sick.
* * * LOW HITPOINT WARNING * * *
You feel sick.
You see here 3 scrolls labeled XEDEDD XOICU.
You aren't quite hungry enough to eat that!
Casting: Corona
Confirm with . or Enter, or press ? or * to list all spells.
You miscast Summon Small Mammal.
You are very lightly contaminated with residual magic.
Your brain hurts!
* * * LOW HITPOINT WARNING * * *
You feel sick.
There is a lethal amount of poison in your body!
* * * LOW HITPOINT WARNING * * *
You feel sick.
* * * LOW HITPOINT WARNING * * *
You feel sick.
You see here 3 scrolls labeled XEDEDD XOICU.
j - 3 scrolls labeled XEDEDD XOICU You die...

.# #.# ##. .## #.#
.. ..# #.# #. ..♣
##.#######.. .♣♣
###......... .♣
#######§..........
.♣
......§§#+########
.♣ ......§§§§§..#
.♣ ......§§§§@..#
♣♣ ........§§§..#
♣ ........###### ♣
........#
(.......#
........# .......
....


There were no monsters in sight!

Vanquished Creatures
  A scorpion (D:4)
  An orc priest (D:3)
  Ijyb (D:2)
  A hound (D:4)
  2 worker ants (D:4)
  2 adders
  An ooze (D:1)
  2 worms
  4 giant geckos
  4 orcs (D:3)
  2 ball pythons
  2 giant cockroaches
  12 goblins
  11 hobgoblins
  8 kobolds
  A quokka (D:4)
  7 bats
  7 giant newts
  10 jackals
  A quokka skeleton (D:4)
  7 rats
  A bush (D:2)
  3 plants (D:2)
91 creatures vanquished.

Notes
Turn   | Place    | Note
--------------------------------------------------------------
     0 | D:1      | GFox the Minotaur Monk began the quest for the Orb.
     0 | D:1      | Reached XP level 1. HP: 19/19 MP: 0/0
  1482 | D:1      | Reached XP level 2. HP: 24/27 MP: 1/1
  2252 | D:2      | Reached XP level 3. HP: 33/33 MP: 2/2
  2571 | D:2      | Noticed Ijyb
  2574 | D:2      | Reached skill level 5 in Unarmed Combat
  2610 | D:2      | Killed Ijyb
  2610 | D:2      | Reached XP level 4. HP: 9/40 MP: 3/3
  3480 | D:1      | Reached skill level 1 in Armour
  4317 | D:3      | Reached skill level 1 in Polearms
  4324 | D:3      | Reached XP level 5. HP: 13/46 MP: 4/4
  4766 | D:4      | Learned a level 1 spell: Summon Small Mammal
  4768 | D:4      | Learned a level 1 spell: Corona
  4770 | D:4      | Learned a level 1 spell: Apportation
  4772 | D:4      | Learned a level 1 spell: Animate Skeleton
  4840 | D:4      | Found a blossoming altar of Fedhas.
  5036 | D:4      | Reached XP level 6. HP: 10/52 MP: 5/5
  5036 | D:4      | Reached skill level 5 in Dodging
  5041 | D:4      | HP: 2/52 [poisoned by a worker ant]
  5043 | D:4      | Succumbed to a worker ant's poison

Action                   |  1- 3 |  4- 6 || total
-------------------------+-------+-------++-------
Melee: Dagger            |   307 |       ||   307
       Unarmed           |     6 |       ||     6
       Spear             |    65 |   132 ||   197
  Use: Scroll            |     5 |     2 ||     7
       Potion            |     1 |     4 ||     5
  Eat: Bread ration      |     1 |       ||     1
       Chunk             |     1 |     8 ||     9
